Map: Magannatha LE

Players

nicholincho - Winner!

  • Race: Zerg Zerg
  • League: Diamond
  • Spawn Location: 5:00

ManlyManMeat

  • Race: Zerg Zerg
  • League: Diamond
  • Spawn Location: 11:00

VOD

Have the link to the VOD?

Description

Time

  • Played on: July 1, 2025, 1:55 p.m.
  • Length: 11:56
Show
View Real Time Build Order
Export as new Build Order

nicholincho Zerg - Winner!

Build Orders: Hatch First, Lurkers 

Get SALT Encoding   

  12  0:00  Drone  
  13  0:08  Drone  
  14  0:18  Drone, Extractor  
  15  0:21  Overlord  
  15  0:41  Drone  
  16  0:48  Hatchery  
  16  0:49  Drone  
  16  0:53  Drone  
  17  0:57  Drone  
  18  1:12  Extractor  
  18  1:14  Spawning Pool  
  18  1:17  Drone  
  17  1:20  Drone  
  18  1:27  Drone  
  19  1:41  Drone  
  20  1:53  Drone  
  21  2:02  Queen x2  
  21  2:04  Drone  
  21  2:05  Overlord  
  26  2:09  Drone  
  26  2:13  Metabolic Boost  
  27  2:16  Drone  
  28  2:23  Drone  
  28  2:24  Drone  
  30  2:32  Zergling x4  
  32  2:46  Overlord  
  32  2:47  Drone  
  33  2:51  Baneling Nest  
  32  3:02  Drone, Overlord  
  32  3:05  Drone x2  
  35  3:12  Roach Warren  
  34  3:17  Evolution Chamber  
  33  3:24  Drone x4  
  33  3:25  Lair  
  37  3:28  Drone x3  
  37  3:29  Drone  
  41  3:35  Baneling  
  41  3:40  Drone x2  
  43  3:50  Extractor  
  43  3:53  Extractor  
  43  3:55  Zergling x8  
  44  3:56  Roach x2  
  44  3:57  Roach  
  44  4:01  Spine Crawler  
  48  4:07  Spine Crawler  
  48  4:10  Zergling x4  
  48  4:11  Overlord  
  48  4:13  Baneling  
  48  4:14  Baneling  
  48  4:15  Baneling  
  50  4:35  Drone x3  
  53  4:39  Overlord x2  
  53  4:40  Drone x2  
  53  4:41  Glial Reconstitution  
  55  4:51  Roach x2  
  59  4:58  Roach x3  
  65  5:04  Zergling x4, Roach x2  
  71  5:13  Roach x2  
  75  5:24  Overlord x2  
  75  5:32  Overlord  
  75  5:43  Roach  
  75  5:44  Roach x5  
  87  5:55  Roach x2  
  91  5:58  Roach x3  
  91  5:59  Roach  
  91  6:00  Overlord x2  
  99  6:09  Overlord x2  
  93  6:26  Roach  
  93  6:27  Roach x4  
  89  6:42  Roach  
  89  6:43  Roach x3  
  97  6:48  Hydralisk Den  
  97  6:49  Extractor  
  97  6:51  Roach x2  
  99  6:57  Hatchery  
  98  7:04  Roach x3  
  98  7:05  Roach  
  106  7:09  Ravager x2  
  106  7:11  Ravager  
  106  7:15  Drone x2  
  111  7:17  Drone  
  112  7:27  Lurker Den  
  97  7:47  Hydralisk  
  97  7:48  Hydralisk x3  
  99  8:07  Hydralisk x2  
  99  8:08  Hydralisk x3  
  97  8:18  Hydralisk  
  97  8:19  Hydralisk  
  93  8:21  Drone x3  
  96  8:28  Extractor  
  96  8:32  Extractor  
  94  8:36  Drone x2  
  94  8:37  Drone x4  
  100  8:45  Lurker x2  
  100  8:46  Lurker  
  103  8:57  Queen  
  103  8:59  Drone x2  
  103  9:00  Drone x2  
  103  9:02  Lurker x2  
  111  9:06  Zergling x6, Roach  
  111  9:07  Zergling x2  
  117  9:16  Lurker  
  118  9:17  Lurker  
  118  9:18  Zergling x2  
  118  9:19  Zergling x12  
  126  9:29  Lurker  
  120  9:59  Roach x7  
  131  10:00  Roach x2  
  122  10:08  Lurker  
  122  10:09  Lurker x2  
  122  10:10  Hydralisk x2  
  122  10:11  Roach  
  122  10:13  Zergling x12  
  137  10:15  Overlord  
  131  10:39  Roach x5  
  125  10:54  Roach x9  
  128  11:16  Roach  
  128  11:17  Roach x6  
  133  11:26  Hydralisk x2  
  131  11:32  Lurker  
  131  11:33  Lurker  
Show
View Real Time Build Order
Export as new Build Order

ManlyManMeat Zerg 

Build Orders: Hatch First, Zergling Baneling 

Get SALT Encoding   

  12  0:00  Drone  
  13  0:08  Drone  
  14  0:16  Drone, Extractor  
  15  0:22  Overlord  
  15  0:40  Drone  
  16  0:46  Hatchery  
  16  0:49  Drone  
  16  1:00  Drone x2  
  18  1:10  Extractor  
  17  1:13  Spawning Pool  
  17  1:15  Drone  
  17  1:19  Drone  
  18  1:26  Drone  
  19  1:37  Drone  
  20  2:00  Queen x2  
  24  2:01  Zergling x4  
  24  2:04  Overlord  
  26  2:13  Drone x2  
  28  2:21  Metabolic Boost  
  28  2:24  Drone x2  
  30  2:34  Drone  
  30  2:35  Baneling Nest  
  30  2:44  Drone x3  
  33  3:01  Drone x2  
  33  3:04  Hatchery  
  34  3:09  Overlord  
  34  3:15  Zergling x2  
  34  3:16  Zergling x2  
  36  3:23  Baneling  
  36  3:24  Baneling  
  36  3:28  Zergling x10, Baneling  
  41  3:37  Queen  
  43  3:44  Zergling x2  
  44  3:58  Overlord x3  
  44  4:04  Roach Warren  
  44  4:05  Overlord x2  
  44  4:09  Baneling x4  
  43  4:19  Zergling x8  
  47  4:35  Drone x3, Extractor  
  47  4:36  Drone x2, Extractor  
  50  4:43  Evolution Chamber  
  49  4:49  Zergling x8, Baneling x2  
  53  5:01  Drone x3  
  53  5:02  Drone x3  
  53  5:04  Roach  
  61  5:19  Roach x5  
  70  5:24  Zerg Missile Weapons Level 1  
  70  5:35  Roach x3  
  76  5:37  Drone  
  77  5:54  Roach x6  
  88  6:07  Zergling x2, Overlord x2  
  88  6:20  Zergling x2  
  80  6:34  Roach x5  
  80  6:35  Roach x5  
  94  6:45  Lair  
  92  6:47  Drone x3  
  92  6:49  Drone  
  96  6:57  Roach x3  
  102  7:03  Zergling x6  
  105  7:10  Overlord  
  105  7:11  Overlord  
  105  7:29  Roach x5  
  121  7:30  Roach x3  
  117  7:41  Zergling x12  
  117  7:42  Zergling x2  
  87  7:53  Roach x4  
  87  7:55  Roach  
  87  7:56  Zergling x2  
  86  8:01  Zerg Ground Armor Level 1  
  86  8:03  Glial Reconstitution  
  82  8:07  Zergling x4  
  82  8:08  Zergling x2  
  71  8:21  Roach x5  
  81  8:33  Roach x4  
  89  8:42  Roach x4  
  97  8:50  Roach x3  
  97  8:53  Ravager  
  104  8:59  Zergling x2, Roach x2  
  104  9:00  Zergling x2  
  112  9:10  Roach x2  
  114  9:21  Overlord x3  
  113  9:44  Roach x11  
  135  9:47  Overseer  
  120  10:07  Overseer  
  120  10:08  Roach  
  120  10:09  Roach x5  
  132  10:35  Roach x7  
  134  10:47  Roach x3  
  126  10:55  Ravager  
  119  10:57  Overseer  
  114  11:06  Roach x6  
  116  11:18  Roach x4  
  87  11:19  Zergling x10  
  92  11:32  Roach  
  92  11:33  Roach x2  
Tags
 
Add a new tag
Caveats
  • Supply blocks, unpowered buildings, or Contaminate may cause inaccurate times.
  • Supply counts are checked every 10 seconds.